 Dungeon Crawl Stone Soup version 0.31.0-10-gcf4a605ca0 (webtiles) character file.

Game seed: 17377953828401963381

22464 Curundu the Blocker (level 12, -1/165 HPs)
             Began as a Minotaur Berserker on Jan 25, 2024.
             Was a High Priest of Trog.
             Killed from afar by Azrael (17 damage)
             ... with a bolt of fire
             ... on level 13 of the Dungeon.
             The game lasted 00:43:48 (11565 turns).

Curundu the Blocker (Minotaur Berserker)           Turns: 11565, Time: 00:43:51

Health: -1/165     AC: 28    Str: 39    XL:     12   Next: 63%
Magic:  11/11      EV: 10    Int:  4    God:    Trog [*****.]
Gold:   919        SH:  9    Dex:  8    Spells: 11/11 levels left

rFire   . . .        l - +6 flail (vamp)
rCold   + . .        m - +2 buckler
rNeg    . . .        n - +0 plate armour
rPois   .            z - +0 hat {Will+}
rElec   .            C - +0 cloak
rCorr   .            f - +2 pair of gloves of the Elven Halls {Str+4}
SInv    .            i - +2 pair of boots
Will    +++..        k - amulet of Toepretz {RegenMP rC+ Str+8 Dex-2} Stlth
                     j - +4 ring of protection
HPRegen 1.47/turn    (no ring)
MPRegen 0.52/turn

%: no passive effects
@: berserking, strong-willed (expiring), regenerating (expiring), very quick
A: horns 2, retaliatory headbutt
a: Renounce Religion, Berserk, Trog's Hand, Brothers in Arms


You were on level 13 of the Dungeon.
You worshipped Trog.
Trog was extremely pleased with you.
You visited 1 branch of the dungeon, and saw 13 of its levels.
You also visited: Sewer.

You collected 919 gold pieces.

Inventory:

Hand Weapons
 l - a +6 vampiric flail (weapon)
 K - a +3 war axe
Missiles
 h - 14 boomerangs (quivered)
 A - 3 throwing nets
Armour
 f - the +2 pair of gloves of the Elven Halls (worn) {Str+4}
   (You found it on level 7 of the Dungeon)

   Str+4:     It affects your strength (+4).
 i - a +2 pair of boots (worn)
 m - a +2 buckler (worn)
 n - a +0 plate armour (worn)
 z - a +0 hat of willpower (worn)
 C - a +0 cloak (worn)
Jewellery
 b - a ring of flight
 d - a ring of positive energy
 j - a +4 ring of protection (left hand)
 k - the amulet of Toepretz (around neck) {RegenMP rC+ Str+8 Dex-2}
   (You acquired it on level 7 of the Dungeon)

   [amulet of magic regeneration]

   RegenMP:   It increases your rate of magic regeneration.
   Str+8:     It affects your strength (+8).
   Dex-2:     It affects your dexterity (-2).
   rC+:       It protects you from cold.
 F - a ring of magical power
Wands
 p - a wand of charming (7)
 t - a wand of flame (19)
 y - a wand of iceblast (17)
Scrolls
 a - a scroll of vulnerability
 c - 2 scrolls of identify
 q - 3 scrolls of enchant weapon
 s - 2 scrolls of revelation
 u - 3 scrolls of immolation
 v - 4 scrolls of teleportation
 x - a scroll of poison
 B - a scroll of blinking
 D - 2 scrolls of butterflies
 E - a scroll of enchant armour
 I - 2 scrolls of fear
Potions
 e - 3 potions of curing
 g - 2 potions of cancellation
 o - a potion of lignification
 r - a potion of resistance
 w - 5 potions of heal wounds
 G - a potion of enlightenment
 H - a potion of might {unknown}
 J - a potion of haste


   Skills:
 + Level 11.3 Fighting
 * Level 11.3(11.5) Axes
 - Level 3.3(7.9) Maces & Flails
 + Level 13.1 Armour
 + Level 6.0 Dodging
 + Level 0.4 Stealth
 * Level 14.3 Shields


You had 11 spell levels left.
You didn't know any spells.
Your spell library was empty.

Dungeon Overview and Level Annotations

Branches:
Dungeon (13/15)            Temple (0/1) D:7            Lair (0/5) D:11
    Orc (0/2) D:10         Vaults (0/5) D:13          Sewer (visited)

Altars:
Gozag
Kikubaaqudgha
Nemelex Xobeh
Uskayaw

Shops:
D:3 :   D:4 ?(*   D:6 *   D:9 (

Portals:
Trove: D:11 (give +2 shadow dragon scales)

Annotations:
D:13 Azrael


Innate Abilities, Weirdness & Mutations

You have a pair of horns on your head.
You reflexively headbutt those who attack you in melee.


Message History

Azrael is heavily wounded.
The hell hound breathes flames at you.
The blast of flame hits Azrael.
Azrael completely resists.
The blast of flame hits you but does no damage.
Azrael hits you but does no damage.
You hit Azrael.
Azrael is severely wounded.
You block Azrael's attack.
You sock Azrael! Your headbutt misses Azrael.
Azrael is severely wounded.
Azrael hits you but does no damage.
You hit Azrael but do no damage.
Azrael is severely wounded.
Azrael gestures at you.
The sphere of damnation explodes!
The damnation engulfs you!!
The damnation engulfs Azrael.
Azrael completely resists.
You sock Azrael!
Azrael is almost dead.
The hell hound breathes flames at you.
The blast of flame hits Azrael.
Azrael completely resists.
The blast of flame hits you. Azrael gestures at you.
The fireball explodes!
The fireball engulfs you!
The fireball engulfs Azrael.
Azrael completely resists.
You barely miss Azrael.
Azrael is almost dead.
You feel the effects of Trog's Hand fading.
Azrael barely misses you. Azrael gestures at you.
The sphere of damnation explodes!
The damnation engulfs you!!!
* * * LOW HITPOINT WARNING * * *
The damnation engulfs Azrael.
Azrael completely resists.
A red film seems to cover your vision as you go berserk!
You feel yourself moving faster!
You feel mighty! The hell hound breathes flames at you.
The blast of flame hits Azrael.
Azrael completely resists.
The blast of flame hits you but does no damage.
Azrael gestures at you. The bolt of fire hits you!
You die...

#.##.### #.#
#.#....# # #.###
#.####.# #.#...
....##.#### .#..#
#.###...#.)
.....######
###.#####.#
#.#.#h☼h.hR
##...##.#.#
#.#Eh○○.h.)
#.....#.#.#
#.#R#...~~.
##........# #.#@#
C~≈≈~ .#........#
#.#.# .Q≈~
.).....##.# #.#.#
≈~. .......##.#
#...# ..
..#..∩..#.####.###
. ####...##.....>#
##.########## ###


You could see Azrael, a fire elemental and 2 hell hounds.

Vanquished Creatures
  Gastronok (D:8)
  2 vault guards
  2 boulder beetles (D:12)
  The ghost of hawkwood the Cleaver, a novice DgAr (D:10)
  2 two-headed ogres
  A tengu warrior (D:13)
  A glowing orange brain (D:13)
  2 deep elf pyromancers (D:12)
  A manticore (D:12)
  2 ugly things (D:12)
  3 cyclopes
  Joseph (D:7)
  3 gargoyles
  2 unseen horrors
  A komodo dragon (D:13)
  5 trolls
  Prince Ribbit (D:9)
  A hornet (D:8)
  Sigmund (D:4)
  6 slime creatures (D:12)
  A shadow (D:10)
  2 wyverns
  Grum (D:11)
  2 wraiths
  10 yaks
  3 steam dragons
  2 vampire mosquitoes (D:12)
  Edmund (D:4)
  Menkaure (D:4)
  2 hell hounds (D:13)
  7 orc warriors
  A black bear (D:5)
  2 ice beasts
  4 centaurs
  2 wolves (D:11)
  3 ogres (D:10)
  3 phantoms
  5 kobold brigands
  3 bullfrogs
  3 gnoll sergeants
  3 scorpions
  A wight (D:10)
  17 killer bees
  4 howler monkeys
  2 hounds
  15 orc priests
  2 bombardier beetles
  A gnoll bouda (D:8)
  A jelly (D:6)
  Terence (D:2)
  2 sleepcaps
  5 iguanas
  9 orc wizards
  28 gnolls
  6 adders
  2 ribbon worms
  2 dart slugs
  58 orcs
  7 endoplasms
  2 giant cockroaches (D:3)
  5 goblins
  4 hobgoblins
  3 jackals (D:4)
  16 kobolds
  2 quokkas
  6 ball pythons
  4 bats
  A frilled lizard (D:3)
  9 rats
315 creatures vanquished.

Notes
Turn   | Place    | Note
-------+----------+-------------------------------------------
     0 | D:1      | Curundu the Minotaur Berserker began the quest for the Orb.
     0 | D:1      | Reached XP level 1. HP: 19/19 MP: 0/0
   189 | D:1      | Reached XP level 2. HP: 23/27 MP: 1/1
   599 | D:2      | Noticed Terence
   609 | D:2      | Killed Terence
   610 | D:2      | Reached XP level 3. HP: 33/33 MP: 2/2
   675 | D:2      | Noticed a scorpion
   678 | D:2      | Killed a scorpion
   679 | D:2      | Reached skill level 5 in Axes
   679 | D:2      | Reached XP level 4. HP: 38/41 MP: 3/3
  1158 | D:3      | Reached ** piety under Trog
  1206 | D:3      | Reached skill level 1 in Maces & Flails
  1229 | D:3      | Reached XP level 5. HP: 47/47 MP: 4/4
  1337 | D:3      | Found a glowing drain.
  1361 | Sewer    | Entered a sewer
  1419 | Sewer    | Reached skill level 5 in Fighting
  1713 | Sewer    | Reached XP level 6. HP: 37/56 MP: 5/5
  2108 | D:3      | Found Recora Piots's Book Boutique.
  2332 | D:3      | Found a faded altar of an unknown god.
  2460 | D:4      | Found Eppuf's Magic Scroll Shop.
  2546 | D:4      | Reached skill level 1 in Shields
  2573 | D:4      | Found Nizxaol's Antique Weapon Emporium.
  2836 | D:4      | Noticed Edmund
  2848 | D:4      | Killed Edmund
  2849 | D:4      | Reached XP level 7. HP: 53/61 MP: 6/6
  2989 | D:4      | Found Koivos's General Store.
  3007 | D:4      | Reached skill level 2 in Shields
  3150 | D:4      | Noticed Menkaure
  3157 | D:4      | Killed Menkaure
  3259 | D:4      | Noticed Sigmund
  3271 | D:4      | Killed Sigmund
  3272 | D:4      | Reached skill level 5 in Armour
  3272 | D:4      | Reached skill level 3 in Shields
  3509 | D:5      | Entered Level 5 of the Dungeon
  3722 | D:5      | Reached XP level 8. HP: 64/70 MP: 7/7
  3852 | D:5      | Reached skill level 4 in Shields
  4621 | D:6      | Found Douthe's Lightly-Used Armoury.
  4736 | D:6      | Reached skill level 5 in Shields
  5265 | D:7      | Reached *** piety under Trog
  5266 | D:7      | Reached XP level 9. HP: 73/79 MP: 8/8
  5312 | D:7      | Identified the +2 pair of gloves of the Elven Halls {Str+4}
  5324 | D:7      | Noticed Joseph
  5346 | D:7      | Killed Joseph
  5347 | D:7      | Reached skill level 6 in Shields
  5406 | D:7      | Killed an unseen horror
  5720 | D:7      | Found a flagged portal.
  5788 | D:7      | Found a staircase to the Ecumenical Temple.
  5859 | D:7      | Reached skill level 7 in Shields
  6112 | D:7      | Identified a scroll of acquirement
  6112 | D:7      | Acquired the amulet of Toepretz {RegenMP rC+ Str+8 Dex-2}
  6340 | D:8      | Paralysed by a hornet for 1 turns
  6342 | D:8      | Paralysed by a hornet for 3 turns
  6572 | D:8      | Reached skill level 5 in Dodging
  6587 | D:8      | Found an ancient bone altar of Kikubaaqudgha.
  6766 | D:8      | Noticed Gastronok
  6779 | D:8      | Killed Gastronok
  6780 | D:8      | Reached skill level 8 in Shields
  6780 | D:8      | Reached XP level 10. HP: 90/90 MP: 9/9
  7626 | D:9      | Found Lasy's Hydra Hut.
  7630 | D:9      | Noticed a four-headed hydra
  7647 | D:9      | Reached **** piety under Trog
  7648 | D:9      | Reached skill level 9 in Shields
  7848 | D:9      | Found a sparkling altar of Nemelex Xobeh.
  7857 | D:9      | Found an opulent altar of Gozag.
  8041 | D:9      | Reached skill level 10 in Shields
  8058 | D:9      | Reached skill level 10 in Armour
  8148 | D:9      | Noticed Prince Ribbit
  8160 | D:9      | Killed Prince Ribbit
  8270 | D:9      | Found a hide-covered altar of Uskayaw.
  8562 | D:10     | Entered Level 10 of the Dungeon
  8670 | D:10     | Found a staircase to the Orcish Mines.
  8697 | D:10     | Reached skill level 11 in Shields
  8746 | D:10     | Reached XP level 11. HP: 97/97 MP: 10/10
  8761 | D:10     | Noticed a two-headed ogre
  8767 | D:10     | Killed a two-headed ogre
  8789 | D:10     | Noticed hawkwood's ghost (novice DgAr)
  8925 | D:10     | Reached ***** piety under Trog
  9065 | D:10     | Found a runed translucent door.
  9524 | D:10     | Killed hawkwood's ghost
  9626 | D:11     | Reached skill level 10 in Axes
  9635 | D:11     | Reached skill level 12 in Shields
  9653 | D:11     | Noticed a two-headed ogre
  9659 | D:11     | Killed a two-headed ogre
  9660 | D:11     | Reached skill level 10 in Fighting
  9899 | D:11     | Found a staircase to the Lair.
 10041 | D:11     | Noticed a vault guard
 10054 | D:11     | Killed a vault guard
 10100 | D:11     | Found a portal to a secret trove of treasure.
 10221 | D:11     | You fall into a shaft and drop 2 floors!
 10286 | D:12     | Noticed a purple ugly thing
 10297 | D:12     | Killed a purple ugly thing
 10549 | D:11     | Noticed Grum
 10567 | D:11     | Killed Grum
 10755 | D:12     | Noticed a deep elf pyromancer
 10755 | D:12     | Noticed a deep elf pyromancer
 10755 | D:12     | Noticed a brown ugly thing
 10761 | D:12     | Killed a deep elf pyromancer
 10762 | D:12     | Reached skill level 13 in Shields
 10762 | D:12     | Reached XP level 12. HP: 105/108 MP: 11/11
 10978 | D:12     | Noticed a boulder beetle
 11010 | D:12     | Killed a boulder beetle
 11124 | D:12     | Noticed a boulder beetle
 11144 | D:12     | Killed a boulder beetle
 11360 | D:13     | Reached skill level 14 in Shields
 11455 | D:13     | Found a gate to the Vaults.
 11460 | D:13     | Noticed a vault guard
 11473 | D:13     | Killed a vault guard
 11524 | D:13     | Noticed a tengu warrior
 11525 | D:13     | Noticed Azrael
 11551 | D:13     | Killed a tengu warrior
 11565 | D:13     | Killed from afar by Azrael

Illustrated notes

Levels and vault maps discovered:
D:1:      heliophobic_arrival_glass_houses, layout_basic, kennysheep_crisscross
D:2:      layout_basic, grunt_decor_cap, uniq_terence
D:3:      layout_basic, cheibrodos_sewer_entry_bend,
          hellmonk_ecumenical_altar_leap_of_faith, serial_shops,
          nicolae_shop_window_shopping
D:4:      layout_basic, serial_shops, shop, shop, nicolae_shop_stone,
          uniq_sigmund, uniq_edmund, uniq_menkaure
D:5:      layout_basic, minivault_5
D:6:      layout_basic, minmay_shop_damaged
D:7:      layout_gridville, minmay_temple_entry_fiery, enter_bailey_2,
          uniq_joseph
D:8:      layout_layer_cave, old_standard_altar, chequers_serial_rivers_room_a,
          lightli_minifort, uniq_gastronok
D:9:      layout_loops_cross, overflow_temple_1_default,
          nicolae_uskayaw_dance_hall, mainiacjoe_overflow_small_starburst,
          doesnt_shop_hydraphobe, uniq_prince_ribbit1
D:10:     layout_basic, kennysheep_orc_monster_closet_entryway, special_room
          [special_room_orc], hellmonk_ghost_happy_afterlife,
          nrook_mini_backslash
D:11:     cheibrodos_elevator_heist, layout_stronghold, lair_entry_dummy,
          enter_trove_5, uniq_grum
D:12:     layout_rooms
D:13:     layout_basic, hellmonk_vaults_order_and_chaos, uniq_snorg, uniq_azrael

Skill      XL: |  1  2  3  4  5  6  7  8  9 10 11 12 |
---------------+-------------------------------------+-----
Fighting       | 4 5 6 7 8 9 10 11 | 11.3
Axes           | 4 5 6 7 9 10 11 | 11.3
Armour         | 3 4 5 7 9 10 12 13 | 13.1
Maces & Flails | 1 3 |  3.3
Dodging        | 3 4 5 6 |  6.0
Shields        | 1 3 5 8 11 13 14 | 14.3
Stealth        | |  0.4

Action                     |  1- 3 |  4- 6 |  7- 9 | 10-12 || total
---------------------------+-------+-------+-------+-------++-------
  Melee: Hand axe          |    24 |       |       |       ||    24
         Headbutt          |     4 |    22 |    31 |   111 ||   168
         Punch             |     1 |       |       |       ||     1
         Flail             |     3 |   147 |   235 |   528 ||   913
 Invoke: Berserk           |     1 |     1 |     3 |     3 ||     8
         Trog's Hand       |       |     1 |     9 |     9 ||    19
    Use: Scroll            |     1 |     8 |    15 |     4 ||    28
         Potion            |       |       |     3 |     1 ||     4
 Armour: Animal skin       |    13 |       |       |       ||    13
         Scale mail        |     2 |    74 |       |       ||    76
         Chain mail        |       |    14 |   249 |       ||   263
         Plate armour      |       |       |    38 |   576 ||   614
  Dodge: Dodged            |    14 |    73 |   119 |   263 ||   469
  Block: Buckler           |       |     5 |   100 |   253 ||   358
